 Dungeon Crawl Stone Soup version 0.29-a0-409-gd843f3a48c (webtiles) character file.

Game seed: 16942174630831378576

5 Zeld the Caller (level 1, 0/10 HPs)
             Began as a Tengu Summoner on May 14, 2022.
             Slain by a quokka (4 damage)
             ... on level 1 of the Dungeon.
             The game lasted 00:01:21 (329 turns).

Zeld the Caller (Tengu Summoner)                     Turns: 329, Time: 00:01:21

Health: 0/10       AC:  2    Str:  8    XL:     1   Next: 80%
Magic:  2/4        EV: 12    Int: 15    God:
Gold:   8          SH:  0    Dex: 14    Spells: 3/4 levels left

rFire   . . .      SeeInvis .   (no weapon)
rCold   . . .      Faith    .   (no shield)
rNeg    . . .      Spirit   .   a - +0 robe
rPois   .          Reflect  .   (helmet restricted)
rElec   .          Harm     .   (no cloak)
rCorr   .          Rampage  .   (no gloves)
Will    .....                   (boots unavailable)
Stlth   ++........              (no amulet)
HPRegen 0.03/turn               (no ring)
MPRegen 0.09/turn               (no ring)

@: no status effects
A: beak, talons 3
a: no special abilities


You were on level 1 of the Dungeon.
You visited 1 branch of the dungeon, and saw 1 of its levels.

You collected 8 gold pieces.

Inventory:

Armour
 a - a +0 robe (worn)
Potions
 b - a potion of magic


   Skills:
 + Level 0.1 Fighting
 + Level 2.2 Dodging
 + Level 2.0 Stealth
 * Level 2.1 Spellcasting
 * Level 4.9 Summonings


You had 3 spell levels left.
You knew the following spells:

 Your Spells              Type           Power      Damage    Failure   Level
a - Summon Small Mammal   Summ           64%        N/A       2%          1

Your spell library contained the following spells:

 Spells                   Type           Power      Damage    Failure   Level
 Call Imp                 Summ           16%        N/A       4%          2
 Call Canine Familiar     Summ           16%        N/A       9%          3
 Summon Guardian Golem    Hex/Summ       9%         N/A       24%         3
 Summon Lightning Spire   Summ/Air       9%         N/A       61%         4


Dungeon Overview and Level Annotations

Branches:
Dungeon (1/15)

Altars:


Innate Abilities, Weirdness & Mutations

You have a beak for a mouth.
You have claws for feet.


Message History

You hit the quokka but do no damage. Your kick misses the quokka.
The quokka bites you.
You miss the quokka. You peck the quokka.
The quokka is heavily wounded.
The quokka bites you. The quokka bites your quokka.
The kobold closely misses your quokka.
Your quokka completely misses the quokka.
The quokka completely misses your quokka.
Your quokka bites the quokka but does no damage.
The quokka bites your quokka.
Your quokka dies!
Your quokka's corpse disappears in a puff of smoke!
Casting: Summon Small Mammal (safe; 3% risk of failure)
Confirm with . or Enter, or press ? or * to list all spells.
No action selected
Press: ? - help, Q - select action, (/) - cycle Dir - look around, f - activate
Okay, then.
What are your orders? t - Shout!
Orders for allies: a - Attack new target. r - Retreat! s - Stop attacking. g - Guard the area. f - Follow me.
Anything else - Cancel.
Gang up on whom?
Press: ? - help, Dir - move target, f - quokka
Aim: a quokka (heavily wounded, ally target) Attack!
The quokka bites you.
Your quokka closely misses the quokka.
The kobold closely misses your quokka.
Unknown command.
The quokka closely misses you.
Your quokka barely misses the quokka.
The quokka bites you.
Your quokka completely misses the quokka.
Your quokka closely misses the kobold.
The quokka bites you but does no damage.
Your quokka bites the kobold.
The kobold dies!
Casting: Summon Small Mammal (safe; 2% risk of failure)
Confirm with . or Enter, or press ? or * to list all spells.
The quokka bites you.
You die...

#.# ...... #.#
#####...... #.#
#........[. #.#
#.#........ #.#
##.#.#....# #.#
#r.....# #..# #.#
#)#.#..## #..#
#.####.#!#.........
#.#.@rr#....####..#
#...#######.......#
###....#..........#
####.#......##..# #
#.#........=.###
#........##.#.##
###.....##)###.#
##......## ##.
#######.###.#


You could see a quokka (ally target) and a friendly rat (summoned).

Vanquished Creatures
  A hobgoblin (D:1)
  A rat (D:1)
2 creatures vanquished.

Vanquished Creatures (collateral kills)
  A goblin (D:1)
  2 kobolds (D:1)
3 creatures vanquished.

Grand Total: 5 creatures vanquished

Notes
Turn   | Place    | Note
-------+----------+-------------------------------------------
     0 | D:1      | Zeld the Tengu Summoner began the quest for the Orb.
     0 | D:1      | Reached XP level 1. HP: 10/10 MP: 4/4
   329 | D:1      | Slain by a quokka

Illustrated notes

Levels and vault maps discovered:
D:1:      minmay_arrival_doors, layout_loops_ring

Action                   || total
-------------------------++-------
Melee: Unarmed           ||    11
       Kick              ||     1
       Peck              ||     1
 Cast: Summon Small Mamm ||    10
Armor: Robe              ||     2
Dodge: Dodged            ||    11

Table legend: (Time is in decaauts)
 A = Elapsed time spent in this place.
 B = Non-inter-level travel time spent in this place.
 C = Inter-level travel time spent in this place.
 D = Time resting spent in this place.
 E = Time spent auto-exploring this place.
 F = Levels seen in this place.
 G = Mean time per level.
                   A        B        C        D        E       F      G
               +--------+--------+--------+--------+--------+-----+--------+
         Total |    329 |    329 |      0 |      0 |    253 |   1 |  329.0 |
       Dungeon |    329 |    329 |      0 |      0 |    253 |   1 |  329.0 |
               +--------+--------+--------+--------+--------+-----+--------+

Top non-repeatable levels by time:
     D:1: 329 daAuts
